[Event "Charlotte CC Fall GM-ALTO 2024"]
[Site "Charlotte"]
[Date "2024.11.24"]
[Round "5.2"]
[White "Mitrabha, Guha"]
[Black "Griffith, Kyron"]
[Result "1-0"]
[ECO "E46"]
[WhiteElo "2511"]
[BlackElo "2407"]
[Annotator "TA"]
[PlyCount "95"]
[EventDate "2024.11.22"]
[EventType "tourn"]
[EventCountry "USA"]
[SourceTitle "playchess.com"]
[Source "ChessBase"]
[SourceQuality "1"]
[TimeControl "5400+30"]

1. c4 Nf6 2. Nc3 e6 3. d4 Bb4 4. e3 O-O 5. Bd2 c5 6. a3 Bxc3 7. Bxc3 Ne4 8. Ne2 {[%emt 0:00:06][%cal Bg1e2,Be2c3,Bc3d5][%mdl 32] The position is equal.} b6 9. d5 Nxc3 10. Nxc3 Bb7 11. Bd3 exd5 12. Qf3 d6 13. Nxd5 {[%emt 0:00:39] [#] Qe4 is the strong threat.} Nc6 14. Qh3 g6 15. Rd1 (15. Be2 $14) 15... Ne5 $11 16. Be2 Bxd5 17. Rxd5 Qe7 18. O-O f5 19. Rfd1 Rf6 20. Qh4 Re8 21. R5d2 Nf7 22. h3 Qe5 23. Qf4 Qe7 24. Bf3 Kg7 25. b4 {[%emt 0:00:57] White is more active.} Ne5 26. Bd5 Rff8 27. Qg3 Rd8 28. b5 Qf6 29. a4 f4 30. exf4 Qxf4 31. Qc3 Qf6 32. a5 bxa5 (32... g5 $16) 33. Qxa5 $18 Rd7 34. Ra2 g5 35. Qc3 h5 36. Qg3 h4 37. Qc3 Kh6 38. Qd2 Qf4 (38... Re8 $16 39. Qc3 Kg7) 39. Bc6 Rdd8 (39... Qxd2 {is a better defense.} 40. Rdxd2 (40. Raxd2 Re7 $18) 40... Re7) 40. Rxa7 Qxc4 $2 (40... Qxd2 {was called for.} 41. Rxd2 Rf4) 41. b6 Rf6 $2 ({And not} 41... Nxc6 42. Qxd6+ Rxd6 43. Rxd6+) (41... Qf4) 42. Bd5 Qf4 43. Qc2 Nd7 {[%emt 0:01:38] Black is weak on the light squares} 44. Re1 {[%emt 0:01:52] [#] Black must now prevent Re7.} Rg6 45. Re7 Nf6 46. Be4 Rdg8 47. Bxg6 Rxg6 48. Ra4 {[%emt 0:01:12] Weighted Error Value: White=0.15 (very precise) /Black=0.40.  Mistake:       	White=1     	Black=5      Inaccurate:     	White=3     	Black=4      OK:         	White=19    	Black=18     Best:        	White=3     	---} 1-0

[Event "Charlotte CC Fall GM-ALTO 2024"]
[Site "Charlotte"]
[Date "2024.11.24"]
[Round "5.3"]
[White "Padmini, Rout"]
[Black "Wang, Tianqi"]
[Result "0-1"]
[ECO "B12"]
[WhiteElo "2334"]
[BlackElo "2323"]
[Annotator "RC"]
[PlyCount "76"]
[EventDate "2024.11.22"]
[EventType "tourn"]
[EventCountry "USA"]
[SourceTitle "playchess.com"]
[Source "ChessBase"]
[SourceQuality "1"]
[TimeControl "5400+30"]

1. e4 c6 2. d4 d5 3. e5 Bf5 4. Nf3 e6 5. Be2 a6 6. O-O Bg6 7. Nbd2 c5 8. c4 Nc6 9. cxd5 exd5 10. dxc5 Bxc5 11. Nb3 Bb6 12. Nbd4 Nge7 13. Be3 O-O 14. Nxc6 Nxc6 15. Bxb6 Qxb6 16. Qxd5 Qxb2 17. Bc4 Rfe8 18. Rfe1 Nb4 19. Qxb7 Reb8 20. Qe7 Nc2 21. e6 Qf6 22. exf7+ Bxf7 23. Bxf7+ Qxf7 24. Qe4 Nxe1 25. Ng5 Nf3+ 26. gxf3 Qg6 27. Qd5+ Kh8 28. Kh1 h6 29. Nf7+ Kh7 30. Rg1 Qf6 31. Qe4+ Kg8 32. Ne5 Rf8 33. Qd5+ Kh7 34. Rg3 Qf5 35. f4 Rab8 36. Kg2 Rb4 37. Rf3 Rxf4 38. Rxf4 Qxf4 0-1

[Event "Charlotte CC Fall GM-ALTO 2024"]
[Site "Charlotte"]
[Date "2024.11.24"]
[Round "5.4"]
[White "Stefanov, Emil"]
[Black "Gedajlovic, Max"]
[Result "1/2-1/2"]
[ECO "C19"]
[WhiteElo "2362"]
[BlackElo "2377"]
[Annotator "RC"]
[PlyCount "79"]
[EventDate "2024.11.22"]
[EventType "tourn"]
[EventCountry "USA"]
[SourceTitle "playchess.com"]
[Source "ChessBase"]
[SourceQuality "1"]
[TimeControl "5400+30"]

1. e4 e6 2. d4 d5 3. Nc3 Bb4 4. e5 c5 5. a3 Bxc3+ 6. bxc3 Ne7 7. h4 Qc7 8. h5 h6 9. Nf3 b6 10. Bb5+ Bd7 11. Bd3 Ba4 12. Be3 c4 13. Be2 Nbc6 14. Nh4 O-O-O 15. f4 Rdg8 16. Kd2 Kb7 17. g4 g6 18. Qf1 Qc8 19. Qh3 Na5 20. Rhb1 Ka8 21. Rb4 Bd7 22. a4 Qf8 23. Qh1 Nac6 24. Rbb1 Qe8 25. a5 Nxa5 26. f5 g5 27. f6 Nc8 28. Ng2 Nb7 29. Ra2 a5 30. Ke1 b5 31. Bc1 Nb6 32. Ne3 Bc6 33. Ba3 Na4 34. Kd2 Qb8 35. Be7 Rc8 36. Bf3 Nb6 37. Qc1 Qa7 38. Rba1 Na4 39. Qh1 Nb6 40. Bb4 1/2-1/2

[Event "Charlotte CC Fall GM-ALTO 2024"]
[Site "Charlotte"]
[Date "2024.11.24"]
[Round "5.5"]
[White "Fernandez, Daniel Howard"]
[Black "Ouellet, Maili-Jade"]
[Result "0-1"]
[ECO "C60"]
[WhiteElo "2503"]
[BlackElo "2352"]
[Annotator "TA"]
[PlyCount "90"]
[EventDate "2024.11.22"]
[EventType "tourn"]
[EventCountry "USA"]
[SourceTitle "playchess.com"]
[Source "ChessBase"]
[SourceQuality "1"]
[TimeControl "5400+30"]

1. e4 e5 2. Nf3 Nc6 3. Bb5 Nge7 4. Nc3 Ng6 5. d4 exd4 6. Nxd4 Nxd4 7. Qxd4 c6 8. Be2 {[%emt 0:00:52] White is slightly better.} Qb6 $1 9. Qd2 Be7 {[%emt 0:00:41] Against h4} 10. b3 O-O 11. Bb2 Re8 12. O-O Qc5 13. Kh1 Qd6 14. Bd3 Qf4 15. Qxf4 Nxf4 16. Bc4 b5 17. g3 bxc4 18. gxf4 d5 19. exd5 cxd5 20. Nxd5 {[%emt 0:03:01] Strongly threatening Nc7.} Bb7 $36 {[%emt 0:02:50][%mdl 2048] White is under pressure.} 21. Rad1 {[%emt 0:00:41][%mdl 8192] [#] This costs White the game.} ({White must play} 21. bxc4 $15 Bf8 22. Kg1) 21... c3 $1 $19 22. Bxc3 Rad8 23. Rfe1 Rxd5 ({But not} 23... Bxd5+ 24. Kg1 $19) 24. Rxd5 Bxd5+ {[%emt 0:00:04] This pair of bishops is nice.} 25. Kg1 Bc6 26. Bd4 a6 27. Be3 Rd8 28. Kf1 Bb4 29. Rc1 Bc3 30. Ke2 f6 31. a4 Be4 32. f3 Bb7 33. h4 a5 34. Kf2 Kf7 35. Kg3 f5 36. Bb6 $2 (36. h5) 36... Rd2 37. Bc7 Re2 38. Rf1 Rxc2 39. Be5 Bb4 40. Rd1 Bc6 41. h5 Re2 {[%emt 0:00:44] And now ...Be1+ would win.} 42. Kh4 Be1+ 43. Kg5 Rg2+ {[%emt 0:00:09] Black mates.} 44. Kxf5 g6+ 45. hxg6+ hxg6# {[%emt 0:00:03] Weighted Error Value: White=0.74/Black=0.09 (flawless) .  Loses game:     	White=1     	---        Mistake:       	White=1     	---        Inaccurate:     	---       	Black=1      OK:         	White=9     	Black=17     Best:        	White=2     	Black=2      Strong:       	---       	Black=1      Brilliant:      	---       	Black=1} 0-1

[Event "Charlotte CC Fall GM-ALTO 2024"]
[Site "Charlotte"]
[Date "2024.11.25"]
[Round "6.1"]
[White "Stremavicius, Titas"]
[Black "Ouellet, Maili-Jade"]
[Result "1/2-1/2"]
[ECO "E06"]
[WhiteElo "2545"]
[BlackElo "2352"]
[Annotator "TA"]
[PlyCount "99"]
[EventDate "2024.11.22"]
[EventType "tourn"]
[EventCountry "USA"]
[SourceTitle "playchess.com"]
[Source "ChessBase"]
[SourceQuality "1"]
[TimeControl "5400+30"]

1. c4 e6 2. Nf3 d5 3. g3 Nf6 4. Bg2 Be7 5. d4 O-O 6. Nc3 dxc4 7. Ne5 Nc6 8. Bxc6 bxc6 9. Nxc6 Qe8 10. Nxe7+ Qxe7 11. Qa4 c5 12. dxc5 Qxc5 13. Be3 Qc7 14. f3 {[%emt 0:00:32] Prevents Ng4. Black is weak on the dark squares} Bd7 15. Qa3 Rfc8 16. Rd1 Bc6 17. O-O Nd5 18. Bd4 Nxc3 19. Qxc3 (19. Bxc3 {is interesting.} Qb6+ 20. Kg2 Qe3 21. Rfe1) 19... Ba4 20. Rc1 f6 {[%emt 0:00:35] The position is equal.} 21. b3 Bb5 22. a4 Bd7 23. a5 e5 24. Be3 Be6 25. Rfd1 Qb7 26. b4 Rd8 27. Bc5 Rd7 28. Rxd7 Qxd7 29. a6 Qa4 30. Ra1 Qb3 31. Qe3 (31. Qc1 $5 c3 $8 32. Ra3 $11) 31... Qxe3+ 32. Bxe3 $11 {[%emt 0:00:03][%mdl 4096] Endgame. KRB-KRB} c3 $1 33. Rc1 Bc4 34. Kf2 Bxa6 35. Rxc3 Bb5 36. g4 a6 37. g5 Rd8 38. h4 Kf7 39. h5 Rd7 40. Rc8 Rd1 41. Rc7+ Rd7 42. Rc1 Rd6 43. gxf6 gxf6 44. h6 Rd7 45. Rc8 Ke6 46. Rh8 Kf5 47. Bc1 Rc7 48. e4+ Ke6 {[%emt 0:00:30] [#] Hoping for ...Rc2+.} 49. Be3 f5 50. exf5+ {[%emt 0:03:59] Weighted Error Value: White=0.03 (flawless) /Black=0.02 (flawless) .  Inaccurate:     	White=1     	Black=1      OK:         	White=17    	Black=20     Best:        	---       	Black=1      Strong:       	---       	Black=1} 1/2-1/2

[Event "Charlotte CC Fall GM-ALTO 2024"]
[Site "Charlotte"]
[Date "2024.11.25"]
[Round "6.2"]
[White "Gedajlovic, Max"]
[Black "Fernandez, Daniel Howard"]
[Result "0-1"]
[ECO "B40"]
[WhiteElo "2377"]
[BlackElo "2503"]
[Annotator "TA"]
[PlyCount "132"]
[EventDate "2024.11.22"]
[EventType "tourn"]
[EventCountry "USA"]
[SourceTitle "playchess.com"]
[Source "ChessBase"]
[SourceQuality "1"]
[TimeControl "5400+30"]

1. e4 c5 2. Nf3 e6 3. g3 b6 4. Bg2 Bb7 5. Nc3 Nf6 6. e5 {[%emt 0:01:56] B40: Sicilian: 2...e6, Unusual lines.} Nd5 7. O-O d6 8. Ne4 dxe5 9. Nxe5 Qc7 10. d4 cxd4 11. Qxd4 f6 $146 ({Predecessor:} 11... Qxc2 12. Nxf7 Nc6 13. Ned6+ Kd7 14. Qc4 Qxc4 15. Nxc4 Rg8 16. Rd1 Bc5 17. Ng5 Nd4 {1-0 Zvjaginsev,V (2643)-Drygalov,A (2430) Cheliabinsk Kurnosov Memorial rapid 2017 (11)}) 12. Qa4+ Nc6 13. Nd3 Kf7 14. c3 Be7 15. Nf4 Ne5 16. Re1 g5 17. Ne2 h6 18. Nd4 f5 19. Nd2 a6 20. N2f3 (20. c4 $6 Nf4 $18) 20... Bf6 21. Qd1 $2 (21. Rxe5 $1 $18 Bxe5 22. Nxe5+ Qxe5 23. Qd7+ Kg6 24. Qxb7) 21... Rad8 $2 (21... Nxf3+ $14 22. Bxf3 Bxd4 23. Bh5+ (23. cxd4 Rac8 $14) (23. Qxd4 Nf6 $11) 23... Ke7 24. Qxd4 (24. cxd4 Rac8 $14) 24... Nf6 25. Qb4+ Qd6 26. Qxd6+ Kxd6) 22. Nxe5+ $18 Bxe5 23. Qh5+ $1 Kf6 24. h4 (24. Rxe5 $18 {has better winning chances.} Qxe5 25. Bd2) 24... Bxd4 $16 25. cxd4 (25. hxg5+ $6 hxg5 26. Qxg5+ Kf7 27. cxd4 Qc8 $14 (27... Rdg8 28. Qd2 $17)) 25... g4 $2 (25... Rde8 $16) 26. Bxd5 (26. Bxh6 $142 {Threatening mate with Qg5+.} Rdg8 27. Re5) 26... Bxd5 $18 27. Bf4 $1 (27. Bxh6 $2 Rdg8 28. a4 Qd7 $19) 27... Qh7 28. Rac1 Ke7 29. Rc7+ Rd7 30. Rec1 Qg8 31. Be5 Qe8 32. Rxd7+ Kxd7 33. Rc7+ Kd8 {[%emt 0:00:00] [#]} 34. Qxe8+ $1 (34. Rf7 $2 Qa4 $19) 34... Rxe8 35. Rh7 Bxa2 36. Bc7+ (36. Rxh6 Kd7 37. h5 Re7) ({White should try} 36. Bf6+ Kc8 37. Rxh6) 36... Kc8 $16 37. Bxb6 (37. h5 $16) 37... e5 $1 $14 38. dxe5 Rxe5 39. Rc7+ ({Reject} 39. Rxh6 Re1+ 40. Kg2 (40. Kh2 $2 Bd5 $19) 40... Bd5+ 41. f3 gxf3+ (41... Bxf3+ $2 42. Kf2 $19) 42. Kf2 Re2+ 43. Kf1 Rxb2 $15) (39. Be3 $14) 39... Kb8 $11 40. Rc1 Re2 41. b4 h5 42. Kf1 Re4 43. Bc5 Bc4+ 44. Kg2 Kb7 45. Rc3 Kc6 (45... Bd5 $5 46. Kf1 $8 Kc6 $11) 46. Bf8 Kd5 47. Re3 Rd4 48. Re8 Kc6 49. Rc8+ Kd7 50. Rc5 $1 Ke6 51. f4 (51. Rc7 $11 {remains equal.}) 51... Bd5+ (51... Rd2+ $142 52. Kg1 Bd5) 52. Kf2 $17 Rd3 53. Ra5 Rf3+ 54. Ke1 Rxg3 (54... Be4 $17 55. Rxa6+ Kd5 56. Ra5+ Kc4) 55. Rxa6+ $15 Kf7 56. Bc5 $1 Rf3 57. Rh6 Rxf4 (57... g3 {is interesting.} 58. Rxh5 Rxf4 59. Rg5 g2) 58. Rxh5 Bc4 (58... g3 {keeps more tension.} 59. Rg5 g2 60. h5 Rf1+) 59. Rh7+ Kg6 60. Rd7 $2 (60. Rh8 $15) 60... g3 $19 61. Rd4 $2 {[%emt 0:00:39] [#]} (61. Kd2 $19) 61... Rxd4 $1 62. Bxd4 f4 63. Be5 Kf5 64. Bd6 Kg4 65. h5 f3 ({And not} 65... Kxh5 66. Bxf4 Kg4 67. Bd6 $11) 66. Bc5 Kxh5 0-1

[Event "Charlotte CC Fall GM-ALTO 2024"]
[Site "Charlotte"]
[Date "2024.11.25"]
[Round "6.3"]
[White "Wang, Tianqi"]
[Black "Stefanov, Emil"]
[Result "1-0"]
[ECO "E14"]
[WhiteElo "2323"]
[BlackElo "2362"]
[Annotator "RC"]
[PlyCount "101"]
[EventDate "2024.11.22"]
[EventType "tourn"]
[EventCountry "USA"]
[SourceTitle "playchess.com"]
[Source "ChessBase"]
[SourceQuality "1"]
[TimeControl "5400+30"]

1. d4 Nf6 2. Nf3 d5 3. c4 e6 4. e3 Be7 5. b3 O-O 6. Bd3 b6 7. O-O Bb7 8. Bb2 c5 9. cxd5 exd5 10. Nc3 Nbd7 11. Rc1 Re8 12. Qe2 a6 13. Rfd1 Bd6 14. Bf5 Nf8 15. Rc2 g6 16. Bh3 Ne6 17. Bxe6 Rxe6 18. dxc5 bxc5 19. Na4 Nd7 20. Ba3 Rc8 21. Rdc1 Qf8 22. Qd1 Rf6 23. Nd2 Rf5 24. Nf1 Rh5 25. f4 d4 26. Rf2 dxe3 27. Nxe3 Nf6 28. Bb2 Ne4 29. Rf3 Rd8 30. Qc2 Qe7 31. Nc4 Qh4 32. g3 Qg4 33. Rd3 Be7 34. Ne5 Qe6 35. Rxd8+ Bxd8 36. Rd1 Bf6 37. Nxc5 Nxc5 38. Qxc5 Qh3 39. Qf2 Qc8 40. Nd7 Bxb2 41. Qxb2 Qc6 42. Nf6+ Kg7 43. Nxh5+ Kh6 44. Qg7+ Kxh5 45. Qxh7+ Kg4 46. Qh4+ Kf3 47. Rf1+ Ke3 48. Qe7+ Kd2 49. Qe1+ Kd3 50. Qd1+ Kc3 51. Qc1+ 1-0

[Event "Charlotte CC Fall GM-ALTO 2024"]
[Site "Charlotte"]
[Date "2024.11.25"]
[Round "6.4"]
[White "Griffith, Kyron"]
[Black "Padmini, Rout"]
[Result "0-1"]
[ECO "B48"]
[WhiteElo "2407"]
[BlackElo "2334"]
[Annotator "RC"]
[PlyCount "48"]
[EventDate "2024.11.22"]
[EventType "tourn"]
[EventCountry "USA"]
[SourceTitle "playchess.com"]
[Source "ChessBase"]
[SourceQuality "1"]
[TimeControl "5400+30"]

1. e4 c5 2. Nf3 e6 3. d4 cxd4 4. Nxd4 Nc6 5. Nc3 Qc7 6. Be3 a6 7. Qf3 h5 8. O-O-O b5 9. Nxc6 Qxc6 10. Bd3 Bb7 11. Rhe1 Qc7 12. Bf4 d6 13. Bg5 b4 14. Nd5 exd5 15. exd5+ Be7 16. Rxe7+ Nxe7 17. Re1 f6 18. Bxf6 gxf6 19. Bg6+ Kd7 20. Bf5+ Kd8 21. Be6 f5 22. Qg3 Rc8 23. Re2 Re8 24. Bf7 Bxd5 0-1

[Event "Charlotte CC Fall GM-ALTO 2024"]
[Site "Charlotte"]
[Date "2024.11.25"]
[Round "6.5"]
[White "Williams, Justus"]
[Black "Mitrabha, Guha"]
[Result "1-0"]
[ECO "E09"]
[WhiteElo "2355"]
[BlackElo "2511"]
[Annotator "RC"]
[PlyCount "105"]
[EventDate "2024.11.22"]
[EventType "tourn"]
[EventCountry "USA"]
[SourceTitle "playchess.com"]
[Source "ChessBase"]
[SourceQuality "1"]
[TimeControl "5400+30"]

1. Nf3 Nf6 2. c4 e6 3. g3 d5 4. Bg2 Be7 5. O-O O-O 6. d4 c6 7. Qc2 b6 8. Nbd2 Bb7 9. e4 Nbd7 10. e5 Ne8 11. cxd5 cxd5 12. Re1 Rc8 13. Qd1 Ba6 14. Nb1 Bc4 15. h4 Nc7 16. Bg5 a5 17. Nc3 Nb5 18. Ne2 Bxg5 19. hxg5 Qe7 20. a3 Rc7 21. Nf4 Rfc8 22. Kh2 g6 23. Rh1 Na7 24. Kg1 Bb5 25. Bf1 Rc2 26. Rb1 a4 27. Nd3 Nf8 28. Nb4 R2c7 29. Bxb5 Nxb5 30. Qxa4 Qd7 31. Qd1 Rc4 32. Kg2 Qe7 33. Qd2 h5 34. Rbd1 Nd7 35. Qf4 Qf8 36. Rh4 Qg7 37. Qe3 Kf8 38. g4 hxg4 39. Rxg4 Ke7 40. Rh4 Rh8 41. Rdh1 Rxh4 42. Rxh4 Kd8 43. Nd2 Rc8 44. Qb3 Na7 45. Qa4 Rc7 46. Rh3 Nxe5 47. dxe5 Qxe5 48. Nf3 Qxb2 49. Nd3 Qc3 50. Nde5 Ke7 51. Qf4 Kd6 52. Nxg6+ Kc6 53. Nfe5+ 1-0

[Event "Charlotte CC Fall GM-ALTO 2024"]
[Site "Charlotte"]
[Date "2024.11.25"]
[Round "7.2"]
[White "Padmini, Rout"]
[Black "Williams, Justus"]
[Result "1/2-1/2"]
[ECO "C67"]
[WhiteElo "2334"]
[BlackElo "2355"]
[Annotator "RC"]
[PlyCount "97"]
[EventDate "2024.11.22"]
[EventType "tourn"]
[EventCountry "USA"]
[SourceTitle "playchess.com"]
[Source "ChessBase"]
[SourceQuality "1"]
[TimeControl "5400+30"]

1. e4 e5 2. Nf3 Nc6 3. Bb5 Nf6 4. O-O Nxe4 5. d4 Nd6 6. Bxc6 dxc6 7. dxe5 Nf5 8. Qxd8+ Kxd8 9. Rd1+ Ke8 10. Nc3 h6 11. h3 a5 12. a3 Bc5 13. Ne4 Ba7 14. g4 Ne7 15. Ng3 Be6 16. Nh5 Kf8 17. Nd4 Bd5 18. Be3 g5 19. b3 Ng6 20. e6 Nh4 21. c4 Bxd4 22. Bxd4 Nf3+ 23. Kg2 Nxd4+ 24. cxd5 c5 25. Rac1 Nxb3 26. Rc3 a4 27. Rf3 Ke7 28. Rxf7+ Kd6 29. Rd7+ Ke5 30. e7 b5 31. Rxc7 Kd6 32. Nf6 Kxc7 33. d6+ Kc6 34. d7 Rad8 35. e8=Q Rhxe8 36. dxe8=Q+ Rxe8 37. Nxe8 b4 38. axb4 cxb4 39. Rd6+ Kc5 40. Ra6 a3 41. Nd6 Nd2 42. h4 b3 43. Rxa3 Kxd6 44. hxg5 hxg5 45. Ra6+ Kc7 46. Ra4 b2 47. Rb4 b1=Q 48. Rxb1 Nxb1 49. f4 1/2-1/2

[Event "Charlotte CC Fall GM-ALTO 2024"]
[Site "Charlotte"]
[Date "2024.11.25"]
[Round "7.3"]
[White "Stefanov, Emil"]
[Black "Griffith, Kyron"]
[Result "1/2-1/2"]
[ECO "D45"]
[WhiteElo "2362"]
[BlackElo "2407"]
[Annotator "RC"]
[PlyCount "232"]
[EventDate "2024.11.22"]
[EventType "tourn"]
[EventCountry "USA"]
[SourceTitle "playchess.com"]
[Source "ChessBase"]
[SourceQuality "1"]
[TimeControl "5400+30"]

1. d4 Nf6 2. c4 e6 3. Nf3 d5 4. Nc3 c6 5. e3 a6 6. Bd2 Nbd7 7. Rc1 Bd6 8. Bd3 dxc4 9. Bxc4 e5 10. O-O O-O 11. h3 Qe7 12. Qc2 h6 13. Bb3 Re8 14. Nh4 Nf8 15. Nf5 Bxf5 16. Qxf5 g6 17. Qc2 Kg7 18. d5 c5 19. e4 b5 20. Qb1 c4 21. Bc2 N8d7 22. Ne2 Bb4 23. Be3 Bc5 24. Bd2 Bb4 25. Be3 Bc5 26. Bd2 Qd6 27. b4 Bd4 28. a4 Reb8 29. a5 Rf8 30. Rcd1 Rac8 31. Be1 Ba7 32. Bc3 Kh7 33. g3 Nh5 34. Kg2 Rce8 35. Ng1 Kg8 36. Nf3 g5 37. Nh2 Qg6 38. Ng4 Kh7 39. Kh2 Nhf6 40. Rd2 h5 41. Nxf6+ Nxf6 42. Qb2 Nd7 43. Bb1 f6 44. f3 Rg8 45. Rg2 Qf7 46. Qd2 Rg7 47. Bc2 Reg8 48. Rd1 Qe7 49. Re2 Qd6 50. Kg2 Kg6 51. Rh1 Kf7 52. Kf1 Nf8 53. Ke1 Ng6 54. Kd1 h4 55. g4 Nf4 56. Kc1 Rc8 57. Rhh2 Bg1 58. Kb2 Rgg8 59. Ka3 Rc7 60. Rh1 Bd4 61. Reh2 Ba7 62. Rb1 Rgc8 63. Bd1 Rd7 64. Bc2 Bb8 65. Ka2 Ba7 66. Ka3 Ke7 67. Ka2 Rdc7 68. Ka3 Rd8 69. Ka2 Rcc8 70. Ka3 Qc7 71. Ka2 Ne6 72. Qe1 Nd4 73. Bd1 Kf7 74. Rd2 Qd6 75. Rdb2 Rc7 76. Rd2 Rcd7 77. Rbb2 Qe7 78. Rb1 Bb8 79. Rg2 Kg7 80. Rd2 Ba7 81. Rbb2 Rd6 82. Rb1 Qc7 83. Rbb2 Qd7 84. Ka3 Rc8 85. Ka2 Qc7 86. Rg2 Rd7 87. Rgd2 Qd6 88. Rb1 Rdc7 89. Rg2 Kg6 90. Rgb2 Nb3 91. Bxb3 cxb3+ 92. Rxb3 Rc4 93. Bb2 Qc7 94. Rd1 Rc2 95. Rd2 Rc4 96. Rdd3 Qd6 97. Ka3 Qc7 98. Ka2 Qd6 99. Ka3 Bc5 100. Bc3 Bd4 101. Bxd4 exd4 102. Qf2 Qe5 103. Rb2 Rc3+ 104. Rxc3 dxc3 105. Rc2 Rc4 106. Qb6 Qe7 107. d6 Qe6 108. d7 Qxd7 109. e5 Rf4 110. exf6 Qd1 111. f7+ Kxf7 112. Qc7+ Kg6 113. Qc6+ Rf6 114. Qe8+ Kg7 115. Qe7+ Kg6 116. Qe8+ Kg7 1/2-1/2

[Event "Charlotte CC Fall GM-ALTO 2024"]
[Site "Charlotte"]
[Date "2024.11.25"]
[Round "7.4"]
[White "Fernandez, Daniel Howard"]
[Black "Wang, Tianqi"]
[Result "1/2-1/2"]
[ECO "C26"]
[WhiteElo "2503"]
[BlackElo "2323"]
[Annotator "TA"]
[PlyCount "85"]
[EventDate "2024.11.22"]
[EventType "tourn"]
[EventCountry "USA"]
[SourceTitle "playchess.com"]
[Source "ChessBase"]
[SourceQuality "1"]
[TimeControl "5400+30"]

1. e4 e5 2. Nc3 Nf6 3. d4 exd4 4. Qxd4 Nc6 5. Qd3 d5 6. Bf4 dxe4 7. Qxd8+ Nxd8 8. Bxc7 Bb4 9. O-O-O Bg4 10. Bb5+ Nc6 11. f3 exf3 12. gxf3 Be6 13. Nge2 Rc8 14. Bxc6+ bxc6 15. Be5 Nh5 16. a3 Be7 17. Ng3 {[%emt 0:10:05] White is more active.} (17. Rhg1 $14) 17... Nxg3 18. hxg3 O-O 19. Bd6 Bxd6 20. Rxd6 Rfd8 21. Rxd8+ Rxd8 $11 {[%emt 0:00:03][%mdl 4096] Endgame. KRB-KRN} 22. Rh4 h6 23. Ra4 Rd7 24. f4 (24. Ra6 $14) 24... Bg4 25. Ra6 Bf3 26. b4 Kh7 27. Ra5 f6 28. Kb2 (28. Nb1 $1 $11) 28... h5 $17 29. a4 Kh6 30. b5 {[%emt 0:00:24] [#]} (30. Rc5 $15) 30... cxb5 (30... c5 $1 $17 {aiming for ...Kg6.} 31. Ra6 Kg6) 31. Nxb5 $15 g5 {[%emt 0:02:33] Threatens to win with ...gxf4.} 32. Ra6 Kg7 33. Nd6 gxf4 ({Black should play} 33... Be2 $17 34. Rc6 gxf4 35. gxf4 Kg6) 34. Nf5+ $1 $11 Kf7 35. gxf4 Bg4 36. Nh4 Be2 37. Ra5 a6 38. Kc3 Rd1 39. Nf5 Rh1 40. Nd4 Bg4 41. Rxa6 {[%emt 0:03:36] The position is equal.} h4 42. Ra8 Kg7 43. Ra7+ {[%emt 0:01:56] Weighted Error Value: White=0.14 (very precise) /Black=0.14 (very precise) .  Mistake:       	White=4     	Black=2      Inaccurate:     	White=3     	Black=3      OK:         	White=17    	Black=16     Best:        	White=1     	Black=2      Strong:       	White=1     	---} 1/2-1/2

[Event "Charlotte CC Fall GM-ALTO 2024"]
[Site "Charlotte"]
[Date "2024.11.26"]
[Round "8.1"]
[White "Stremavicius, Titas"]
[Black "Gedajlovic, Max"]
[Result "1/2-1/2"]
[ECO "A13"]
[WhiteElo "2545"]
[BlackElo "2377"]
[Annotator "TA"]
[PlyCount "99"]
[EventDate "2024.11.22"]
[EventType "tourn"]
[EventCountry "USA"]
[SourceTitle "playchess.com"]
[Source "ChessBase"]
[SourceQuality "1"]
[TimeControl "5400+30"]

1. c4 e6 2. Nf3 d5 3. e3 Nf6 4. Nc3 Be7 5. b3 O-O 6. Bb2 b6 7. cxd5 exd5 8. d4 Ba6 9. Bxa6 {[%emt 0:00:00] White has an edge.} Nxa6 10. Ne5 Nb8 11. O-O c6 12. Rc1 Nfd7 13. Ne2 Nxe5 14. dxe5 Qd7 15. Qd3 a5 16. e4 Rd8 17. Qg3 {[%emt 0:00:00][%cal Oe5e6] [#] Threatens to win with e6!} Bf8 $1 18. exd5 cxd5 19. Nd4 {[%emt 0:00:00][%cal Oe5e6] Wards off Nc6} Na6 20. Rc6 Rdc8 (20... b5 $11 {remains equal.}) 21. Rxb6 $16 {[%emt 0:00:00] White is much more active.} Nc5 22. h3 (22. a4 $16) 22... a4 $11 23. b4 Ne4 24. Qd3 Qc7 25. Rb5 Qxe5 26. Ba1 Qf4 (26... a3 $11) 27. Ne2 ({White should play} 27. Rxd5 $16 {g3 would now be deadly.} Rc1 28. Nf3) 27... Qd2 28. Qxd2 Nxd2 29. Rc1 a3 30. Rxd5 Rxc1+ 31. Nxc1 Bxb4 32. Nd3 Bf8 33. Bc3 Ne4 34. Bb4 h6 35. Ra5 Rxa5 36. Bxa5 {[%emt 0:00:02][%mdl 4096] Endgame. KBN-KBN} f5 37. Kf1 Kf7 38. Ke2 g5 39. Ke3 Bg7 40. g4 Ke6 41. Bb4 Nc3 42. Bxa3 fxg4 43. hxg4 Nxa2 44. Nc5+ Kd5 {[%emt 0:00:35] aiming for ...Bd4+.} 45. Ne4 $1 Nc3 46. Nxc3+ Bxc3 47. Bf8 Bd4+ 48. Kf3 Ke6 49. Bxh6 Kf6 {[%emt 0:00:30] [#]} 50. Bxg5+ {[%emt 0:00:30] Weighted Error Value: White=0.11 (very precise) /Black=0.12 (very precise) .  Mistake:       	White=3     	Black=2      Inaccurate:     	White=2     	Black=2      OK:         	White=14    	Black=19     Best:        	White=2     	Black=2      Strong:       	White=1     	Black=1} 1/2-1/2

[Event "Charlotte CC Fall GM-ALTO 2024"]
[Site "Charlotte"]
[Date "2024.11.25"]
[Round "8.2"]
[White "Wang, Tianqi"]
[Black "Ouellet, Maili-Jade"]
[Result "1/2-1/2"]
[ECO "E18"]
[WhiteElo "2323"]
[BlackElo "2352"]
[Annotator "RC"]
[PlyCount "22"]
[EventDate "2024.11.22"]
[EventType "tourn"]
[EventCountry "USA"]
[SourceTitle "playchess.com"]
[Source "ChessBase"]
[SourceQuality "1"]
[TimeControl "5400+30"]

1. c4 e6 2. g3 Nf6 3. Bg2 d5 4. Nf3 Be7 5. O-O O-O 6. b3 b6 7. d4 Bb7 8. Nc3 c5 9. dxc5 bxc5 10. cxd5 exd5 11. e3 Re8 1/2-1/2